 Dungeon Crawl Stone Soup version 0.30-a0-331-g8ab09dc110 (webtiles) character file.

Game seed: 1749790562663724399

4158 p00ps00p the Trooper (level 10, -13/80 HPs)
             Began as a Demonspawn Fighter on Oct 29, 2022.
             Was an Initiate of Gozag.
             Killed from afar by an oklob plant (20 damage)
             ... with a splash of acid
             ... on level 8 of the Dungeon.
             The game lasted 00:19:29 (6881 turns).

p00ps00p the Trooper (Demonspawn Fighter)           Turns: 6881, Time: 00:19:29

Health: -13/80     AC: 10    Str: 29    XL:     10   Next: 7%
Magic:  19/19      EV:  8    Int: 10    God:    Gozag
Gold:   368        SH: 10    Dex: 12    Spells: 9/9 levels left

rFire   . . .      SeeInvis .    a - +2 war axe
rCold   . . .      Faith    .    c - +0 buckler
rNeg    . . .      Spirit   .    I - +8 chain mail of the Equinox {MP+9 Str+2}
rPois   .          Reflect  +    (helmet restricted)
rElec   .          Harm     .    f - +1 cloak
rCorr   .          Rampage  .    (no gloves)
Will    .....                    (no boots)
Stlth   ..........               g - amulet of reflection
HPRegen 0.33/turn                l - +6 ring of strength
MPRegen 0.16/turn                A - +4 ring of protection

@: corroded
A: horns 2, thin metallic scales 1, powered by pain 3
a: Renounce Religion, Potion Petition, Call Merchant, Bribe Branch


You were on level 8 of the Dungeon.
You worshipped Gozag.
Gozag was aware of your devotion.
You visited 2 branches of the dungeon, and saw 9 of its levels.

You collected 538 gold pieces.
You paid 170 gold pieces to Gozag.

Inventory:

Hand Weapons
 a - a +2 war axe (weapon)
Missiles
 b - 8 poisoned darts
 m - 5 silver javelins (quivered)
 C - 3 throwing nets
Armour
 c - a +0 buckler (worn)
 f - a +1 cloak (worn)
 y - the +10 ring mail of Truth {Int+4}
   (You found it on level 5 of the Dungeon)

   Int:       It affects your intelligence (+4).
 I - the +8 chain mail of the Equinox (worn) {MP+9 Str+2}
   (You took it off a gnoll on level 8 of the Dungeon)

   Str:       It affects your strength (+2).
   MP:        It affects your magic capacity (+9).
Jewellery
 g - an amulet of reflection (around neck)
 l - a +6 ring of strength (left hand)
 u - a ring of fire
 A - a +4 ring of protection (right hand)
Wands
 n - a wand of iceblast (11)
 w - a wand of digging (8)
 G - a wand of flame (18)
Scrolls
 e - 6 scrolls of teleportation
 j - 2 scrolls of butterflies
 k - 2 scrolls of silence
 q - a scroll of vulnerability {unknown}
 x - 3 scrolls of fear
 z - a scroll of immolation {unknown}
 F - a scroll of magic mapping
 H - a scroll of poison {unknown}
 J - a scroll of amnesia
Potions
 d - a potion of brilliance {unknown}
 h - 4 potions of curing
 i - a potion of heal wounds
 o - a potion of resistance {unknown}
 p - a potion of invisibility {unknown}
 r - a potion of mutation {unknown}
 s - a potion of ambrosia {unknown}
 t - a potion of magic {unknown}
 v - 3 potions of haste {unknown}
 B - a potion of berserk rage {unknown}
 D - a potion of attraction {unknown}
 E - 2 potions of flight {unknown}


   Skills:
 + Level 7.9 Fighting
 + Level 6.9 Axes
 + Level 7.2 Armour
 + Level 7.2 Shields


You had 9 spell levels left.
You didn't know any spells.
Your spell library contained the following spells:

 Spells                   Type           Power      Damage    Failure   Level
 Beastly Appendage        Tmut           0%         N/A       91%         1
 Sandblast                Erth           0%         2d4       91%         1
 Passwall                 Tmut/Erth      0%         N/A       97%         2
 Wereblood                Tmut           0%         N/A       97%         2
 Spider Form              Tmut/Pois      0%         N/A       100%        3
 Stone Arrow              Conj/Erth      0%         3d7       100%        3


Dungeon Overview and Level Annotations

Branches:
Dungeon (8/15)             Temple (1/1) D:6
   Lair: D:8-11

Altars:
Ashenzari
Cheibriados
Dithmenos
Fedhas
Gozag
Hepliaklqana
Kikubaaqudgha
Makhleb
Nemelex Xobeh
Okawaru
Qazlal
Ru
Uskayaw
Vehumet
Wu Jian
Xom
Yredelemnul

Annotations:
D:8 exclusion: 3 oklob plants


Innate Abilities, Weirdness & Mutations

You have a pair of horns on your head.
You are partially covered in thin metallic scales. (AC +2)
You are powered by pain.


Message History

You see here a bullfrog skeleton.
Found an escape hatch in the floor.
An oklob plant comes into view.
Marking area around an oklob plant as unsafe for travelling.
You see here a +0 club.
Things that are here:
a +0 hand axe; a +0 scale mail; an orc skeleton
There is a stone staircase leading up here.
Really walk into a travel-excluded area? [Y]es or [N]o only, please.
Really walk into a travel-excluded area?
Okay, then.
There is a stone staircase leading up here.
Things that are here:
a +0 club; a gnoll skeleton
Things that are here:
a +0 club; a +0 robe Really walk into a travel-excluded area?
Found a dagger.
The oklob plant spits acid at you.
The splash of acid hits you but does no damage.
The oklob plant spits acid at you. The splash of acid hits you!
The acid corrodes you! The oklob plant spits acid at you.
The splash of acid hits you! The acid corrodes you!
The oklob plant spits acid at you. The splash of acid hits you!
The acid corrodes you! The oklob plant spits acid at you.
The splash of acid hits you! The acid corrodes you!
The oklob plant spits acid at you. The splash of acid hits you!!
* * * LOW HITPOINT WARNING * * *
You feel much better. The oklob plant spits acid at you.
The splash of acid hits you!!
* * * LOW HITPOINT WARNING * * *
The oklob plant spits acid at you. The splash of acid hits you!!
You die...
Your body crumbles into a pile of gold.

###........###.#
.......#....#..############
..........................#
..#........................
.........##................
##.##....#.................
#...###.##..................
))).###.##.........PP........
.)...##.>.......@.....P......
รท).......####.....P..P.......
..........##......P...)P.....#
...........#.....P..>.P.......
.......>...........PPPP.......##
...................P...........##
................................#
................................#
.................................


You could see 3 oklob plants.

Vanquished Creatures
  A two-headed ogre (D:8)
  A wyvern (D:8)
  2 steam dragons
  A water moccasin (D:8)
  A floating eye (D:8)
  2 black bears
  2 ice beasts
  2 sky beasts
  An ogre (D:4)
  A kobold brigand (D:6)
  5 bullfrogs
  4 scorpions
  A gnoll sergeant (D:5)
  A necrophage (D:7)
  8 wights
  3 killer bees (D:7)
  2 jellies (D:6)
  3 orc priests
  2 gnoll boudas
  4 hounds
  Crazy Yiuf (D:4)
  6 iguanas
  6 orc wizards
  21 gnolls
  8 adders
  A shadow imp (D:6)
  A white imp (D:6)
  An ufetubus (D:3)
  2 worms
  4 dart slugs
  19 orcs
  7 endoplasms
  4 giant cockroaches
  8 goblins
  5 hobgoblins
  4 jackals (D:5)
  8 kobolds
  A quokka (D:1)
  5 ball pythons
  9 bats
  3 frilled lizards
  7 rats
178 creatures vanquished.

Vanquished Creatures (others)
  12 plants (D:8)
12 creatures vanquished.

Grand Total: 190 creatures vanquished

Notes
Turn   | Place    | Note
-------+----------+-------------------------------------------
     0 | D:1      | p00ps00p the Demonspawn Fighter began the quest for the
                  | Orb.
     0 | D:1      | Reached XP level 1. HP: 18/18 MP: 1/1
   256 | D:1      | Gained mutation: You have a pair of small horns on your
                  | head. [demonic ancestry]
   256 | D:1      | Reached XP level 2. HP: 24/24 MP: 2/2
   277 | D:1      | Found a faded altar of an unknown god.
   603 | D:1      | Reached XP level 3. HP: 29/29 MP: 3/3
  1685 | D:3      | Found an ancient bone altar of Kikubaaqudgha.
  1902 | D:3      | Reached XP level 4. HP: 36/36 MP: 4/4
  2047 | D:3      | Gained mutation: You are partially covered in thin metallic
                  | scales. (AC +2) [demonic ancestry]
  2047 | D:3      | Reached XP level 5. HP: 20/41 MP: 5/5
  2498 | D:4      | Noticed an ogre
  2503 | D:4      | Killed an ogre
  2504 | D:4      | Gained mutation: You sometimes gain a little power by
                  | taking damage. [demonic ancestry]
  2504 | D:4      | Reached XP level 6. HP: 28/48 MP: 6/6
  2879 | D:4      | Found a runed translucent door.
  2880 | D:4      | Noticed Crazy Yiuf
  3020 | D:4      | Killed Crazy Yiuf
  3436 | D:5      | Entered Level 5 of the Dungeon
  3522 | D:5      | Gained mutation: You sometimes gain power by taking damage.
                  | [demonic ancestry]
  3522 | D:5      | Reached XP level 7. HP: 18/55 MP: 7/7
  3680 | D:5      | Identified the +10 ring mail of Truth {Int+4}
  3703 | D:5      | Reached skill level 5 in Fighting
  4234 | D:6      | Reached skill level 5 in Armour
  4234 | D:6      | Reached skill level 5 in Shields
  4234 | D:6      | Gained mutation: You have a pair of horns on your head.
                  | [demonic ancestry]
  4234 | D:6      | Reached XP level 8. HP: 39/63 MP: 8/8
  4267 | D:6      | Found a staircase to the Ecumenical Temple.
  4336 | Temple   | Entered the Ecumenical Temple
  4892 | D:6      | Reached skill level 5 in Axes
  5266 | D:7      | Reached XP level 9. HP: 37/71 MP: 9/9
  5708 | D:7      | Found a snail-covered altar of Cheibriados.
  5711 | D:7      | Found a stormy altar of Qazlal.
  5714 | D:7      | Found a shimmering altar of Xom.
  5717 | D:7      | Found a hazy altar of Hepliaklqana.
  6043 | D:8      | Noticed a two-headed ogre
  6055 | D:8      | Killed a two-headed ogre
  6412 | D:8      | Gained mutation: You are powered by pain. [demonic
                  | ancestry]
  6412 | D:8      | Reached XP level 10. HP: 80/80 MP: 10/10
  6441 | D:8      | Paralysed by a floating eye for 3 turns
  6499 | D:8      | Identified the +8 chain mail of the Equinox {MP+9 Str+2}
  6645 | D:8      | Noticed an oklob plant
  6645 | D:8      | Noticed an oklob plant
  6690 | D:8      | Found an opulent altar of Gozag.
  6699 | D:8      | Became a worshipper of Gozag Ym Sagoz the Greedy
  6787 | D:8      | Noticed an oklob plant
  6881 | D:8      | Killed from afar by an oklob plant

Illustrated notes

Levels and vault maps discovered:
D:1:      arrival_zaba_pyramid, layout_loops_ring, ebering_ecumenical_altar_hall
D:2:      kennysheep_big_flooded_room, layout_basic
D:3:      layout_basic, mainiacjoe_overflow_24_doors
D:4:      layout_rooms, uniq_crazy_yiuf_cottage
D:5:      layout_rooms, dk_noncrumbling_3, minivault_23, kennysheep_diamond
D:6:      layout_rooms, minmay_temple_entry_steel_oval
D:7:      layout_cave_pools, grunt_temple_overflow_cloverleaf,
          mainiacjoe_overflow_alcove_2, chequers_garden
D:8:      layout_cave_pools, nicolae_gozag_cash_rules_everything_around_me,
          disabler_island
Temple:   hellmonk_temple_forest_ring

Skill      XL: |  1  2  3  4  5  6  7  8  9 |
---------------+----------------------------+-----
Axes           | 2 3 4 5 6 |  6.9
Armour         | 3 4 5 6 7 |  7.2
Shields        | 3 4 5 6 7 |  7.2
Fighting       | 4 5 6 7 |  7.9

Action                   |  1- 3 |  4- 6 |  7- 9 | 10-12 || total
-------------------------+-------+-------+-------+-------++-------
Melee: War axe           |   123 |   101 |   221 |    27 ||   472
       Headbutt          |    13 |    11 |    53 |     8 ||    85
Throw: Javelin           |     1 |       |     1 |       ||     2
  Use: Scroll            |     7 |     2 |     2 |       ||    11
       Potion            |       |       |     2 |     1 ||     3
Armor: Scale mail        |    84 |    56 |       |       ||   140
       Ring mail         |       |       |   174 |    10 ||   184
       Skin              |       |       |     2 |       ||     2
       Chain mail        |       |       |       |     2 ||     2
Dodge: Dodged            |    51 |    55 |   156 |     7 ||   269
Block: Buckler           |    42 |    55 |   176 |    14 ||   287
       Reflection        |       |     5 |     3 |       ||     8

Table legend: (Time is in decaauts)
 A = Elapsed time spent in this place.
 B = Non-inter-level travel time spent in this place.
 C = Inter-level travel time spent in this place.
 D = Time resting spent in this place.
 E = Time spent auto-exploring this place.
 F = Levels seen in this place.
 G = Mean time per level.
                   A        B        C        D        E       F      G
               +--------+--------+--------+--------+--------+-----+--------+
         Total |   7039 |   6824 |    215 |   1033 |   3939 |   9 |  782.1 |
       Dungeon |   6827 |   6640 |    187 |   1033 |   3809 |   8 |  853.4 |
        Temple |    211 |    183 |     28 |      0 |    130 |   1 |  211.0 |
               +--------+--------+--------+--------+--------+-----+--------+

Top non-repeatable levels by time:
     D:4: 1019 daAuts
     D:7: 931 daAuts
     D:1: 911 daAuts
     D:8: 886 daAuts
     D:3: 871 daAuts
     D:5: 806 daAuts
     D:2: 715 daAuts
     D:6: 686 daAuts
  Temple: 211 daAuts
